 Dungeon Crawl Stone Soup version 0.30-a0-311-gf115ab0292 (webtiles) character file.

Game seed: 12386033564884572836

221 scionoferis the Charlatan (level 5, -3/26 HPs)
             Began as a Spriggan Artificer on Oct 26, 2022.
             Slain by an iguana (12 damage)
             ... on level 3 of the Dungeon.
             The game lasted 00:13:08 (2498 turns).

scionoferis the Charlatan (Spriggan Artificer)      Turns: 2498, Time: 00:13:08

Health: -3/26      AC:  3    Str:  8    XL:     5   Next: 65%
Magic:  0/0        EV: 18    Int: 15    God:
Gold:   192        SH:  0    Dex: 15    Spells: 4/6 levels left

rFire   . . .      SeeInvis +    a - +0 short sword
rCold   . . .      Faith    .    (no shield)
rNeg    + . .      Spirit   .    l - +1 robe "Cadoeh" {rPois rN+ MP-9}
rPois   +          Reflect  .    (helmet restricted)
rElec   .          Harm     .    (no cloak)
rCorr   .          Rampage  .    (gloves unavailable)
Will    .....                    (boots unavailable)
Stlth   ++........               q - amulet of regeneration
HPRegen 1.04/turn                (no ring)
MPRegen 0.07/turn                (no ring)

@: very quick
A: very small, no large weapons, unfitting armour, see invisible, speed 3
a: no special abilities


You were on level 3 of the Dungeon.
You visited 1 branch of the dungeon, and saw 3 of its levels.

You collected 192 gold pieces.

Inventory:

Hand Weapons
 a - a +0 short sword (weapon)
 d - a +0 dagger
Missiles
 k - 4 poisoned darts
 s - 2 curare-tipped darts (quivered)
Armour
 b - a +0 robe
 l - the +1 robe "Cadoeh" (worn) {rPois rN+ MP-9}
   (You found it on level 2 of the Dungeon)

   rPois:     It protects you from poison.
   rN:        It protects you from negative energy.
   MP:        It affects your magic capacity (-9).
Jewellery
 q - an amulet of regeneration (around neck)
Wands
 c - a wand of flame (9)
 e - a wand of iceblast (5)
 i - a wand of charming (8)
Scrolls
 j - a scroll of acquirement {unknown}
 m - a scroll of silence {unknown}
 r - a scroll of teleportation {unknown}
 t - a scroll of vulnerability {unknown}
Potions
 f - a potion of lignification {unknown}
 g - a potion of brilliance {unknown}
 h - a potion of resistance {unknown}
 n - 2 potions of degeneration {unknown}
 o - 2 potions of might {unknown}
 p - 2 potions of heal wounds {unknown}


   Skills:
 + Level 1.8 Fighting
 * Level 2.5 Short Blades
 - Level 0.3 Armour
 + Level 4.2 Dodging
 + Level 3.2 Stealth
 + Level 1.3 Spellcasting
 + Level 1.6 Hexes
 + Level 1.0 Ice Magic
 + Level 4.7 Evocations


You had 4 spell levels left.
You knew the following spells:

 Your Spells              Type           Power      Damage    Failure   Level
a - Ensorcelled Hibernat  Hex/Ice        8%         N/A       22%         2

Your spell library contained the following spells:

 Spells                   Type           Power      Damage    Failure   Level
 Ignite Poison            Fire/Tmut/Pois 1%         N/A       56%         3
 Spider Form              Tmut/Pois      1%         N/A       56%         3
 Anguish                  Hex/Necr       1%         N/A       86%         4
 Sticky Flame             Conj/Fire      1%         2d3       93%         4
 Ignition                 Fire           0%         3d3       100%        8


Dungeon Overview and Level Annotations

Branches:
Dungeon (3/15)

Altars:
Xom


Innate Abilities, Weirdness & Mutations

You are very small and have problems with some larger weapons.
You are too small for most types of armour.
You have supernaturally acute eyesight. (SInv)
You cover ground extremely quickly. (Speed+++)


Message History

You see here a hobgoblin corpse.
Found 13 gold pieces.
A kobold comes into view. It is wielding a +0 club.
The helpless iguana fails to defend itself.
You puncture the iguana!
The iguana is heavily wounded.
The iguana closely misses you.
You hit the iguana.
The iguana is severely wounded.
The iguana bites you!
You hit the iguana but do no damage.
The iguana is severely wounded.
The iguana bites you but does no damage.
You hit the iguana but do no damage.
The iguana is severely wounded.
The iguana hisses menacingly.
The iguana barely misses you.
You hit the iguana but do no damage.
The iguana is heavily wounded.
The kobold shouts!
The iguana misses you.
You hit the iguana.
The iguana is severely wounded.
The iguana bites you!
Ouch! That really hurt!
* * * LOW HITPOINT WARNING * * *
You hit the iguana.
The iguana is almost dead.
You hit the iguana but do no damage.
The iguana is almost dead.
A goblin comes into view. It is wielding a +0 club.
The iguana barely misses you.
The goblin shouts!
You hit the iguana but do no damage.
The iguana is almost dead.
The iguana misses you.
You hit the iguana but do no damage.
The iguana is almost dead.
The iguana bites you!
You die...

#≈..~..≈##
#§.°_....#
##≈.°☼~§§.#
$..≈§☼~.≈≈.#
########≈≈≈≈≈..##
..# ##.......#
#.# #######†##
###.###### #.))
#.@......## ####
#Kl#####...## #
..... ##...# #
....... ##..## #
..g.... ##..### #
#...... #....## #
#...... ##.#..# #
####### #.##.####
####.##...†.


You could see an iguana, a goblin and a kobold.

Vanquished Creatures
  An orc warrior (D:3)
  2 adders
  3 gnolls (D:2)
  2 worms (D:2)
  2 dart slugs (D:2)
  An orc (D:3)
  3 ball pythons
  6 bats
  An endoplasm (D:1)
  2 giant cockroaches
  2 goblins
  5 hobgoblins
  7 jackals
  3 kobolds (D:1)
  2 quokkas
  3 frilled lizards
  4 rats
49 creatures vanquished.

Vanquished Creatures (collateral kills)
  An orc wizard (D:3)
  A worm (D:3)
  An endoplasm (D:3)
  A hobgoblin (D:3)
  A quokka (D:3)
  A kobold (D:3)
  A rat (D:3)
7 creatures vanquished.

Vanquished Creatures (others)
  A ball python (D:3)
1 creature vanquished.

Grand Total: 57 creatures vanquished

Notes
Turn   | Place    | Note
-------+----------+-------------------------------------------
     0 | D:1      | scionoferis the Spriggan Artificer began the quest for the
                  | Orb.
     0 | D:1      | Reached XP level 1. HP: 9/9 MP: 2/2
   169 | D:1      | Reached skill level 1 in Fighting
   252 | D:1      | Reached XP level 2. HP: 14/14 MP: 3/3
   998 | D:2      | Identified the +1 robe "Cadoeh" {rPois rN+ MP-9}
  1329 | D:2      | Reached XP level 3. HP: 18/18 MP: 0/4
  1332 | D:2      | Learned a level 2 spell: Ensorcelled Hibernation
  1544 | D:2      | Reached skill level 1 in Short Blades
  1695 | D:2      | Reached XP level 4. HP: 22/22 MP: 0/5
  2330 | D:3      | Found a shimmering altar of Xom.
  2331 | D:3      | Noticed an orc warrior
  2357 | D:3      | Reached skill level 1 in Hexes
  2369 | D:3      | Reached XP level 5. HP: 26/26 MP: 0/7
  2390 | D:3      | Reached skill level 1 in Spellcasting
  2426 | D:3      | Killed an orc warrior
  2427 | D:3      | Reached skill level 1 in Ice Magic
  2498 | D:3      | Slain by an iguana

Illustrated notes

Levels and vault maps discovered:
D:1:      dpeg_arrival_rooms_c, layout_basic, hangedman_glass_teeth
D:2:      layout_loops_ring
D:3:      layout_rooms, xom_confusion_cloud, kennysheep_generic_room_7

Skill      XL: |  1  2  3  4  5 |
---------------+----------------+-----
Fighting       | 1 |  1.8
Stealth        | 2 3 |  3.2
Short Blades   | 1 2 |  2.5
Dodging        | 4 |  4.2
Hexes          | 1 |  1.6
Spellcasting   | 1 |  1.3
Ice Magic      | 1 |  1.0
Armour         | |  0.3
Evocations     | |  4.7

Action                   |  1- 3 |  4- 6 || total
-------------------------+-------+-------++-------
Melee: Whip              |    45 |       ||    45
       Punch             |     1 |     1 ||     2
       Short sword       |   131 |    86 ||   217
Throw: Dart              |    21 |     8 ||    29
Evoke: Wand              |     1 |    12 ||    13
 Stab: Sleeping          |     5 |     8 ||    13
       Distracted        |       |     1 ||     1
Armor: Robe              |    14 |     6 ||    20
Dodge: Dodged            |   144 |    59 ||   203

Table legend: (Time is in decaauts)
 A = Elapsed time spent in this place.
 B = Non-inter-level travel time spent in this place.
 C = Inter-level travel time spent in this place.
 D = Time resting spent in this place.
 E = Time spent auto-exploring this place.
 F = Levels seen in this place.
 G = Mean time per level.
                   A        B        C        D        E       F      G
               +--------+--------+--------+--------+--------+-----+--------+
         Total |   1784 |   1765 |     19 |    206 |    811 |   3 |  594.7 |
       Dungeon |   1784 |   1765 |     19 |    206 |    811 |   3 |  594.7 |
               +--------+--------+--------+--------+--------+-----+--------+

Top non-repeatable levels by time:
     D:1: 752 daAuts
     D:2: 742 daAuts
     D:3: 290 daAuts
